 Dungeon Crawl Stone Soup version 0.29-a0-283-ga02f740833 (webtiles) character file.

Game seed: 11012145517487040091

4652 Dabor the Protected (level 10, -2/68 HPs)
             Began as a Gargoyle Fighter on Mar 13, 2022.
             Was a Follower of Ashenzari.
             Killed by divine providence
             ... invoked by an orc priest
              (10 damage)
             ... on level 8 of the Dungeon.
             The game lasted 00:15:22 (7538 turns).

Dabor the Protected (Gargoyle Fighter)              Turns: 7538, Time: 00:15:23

Health: -2/68      AC: 18    Str: 23    XL:     10   Next: 43%
Magic:  10/10      EV:  9    Int: 16    God:    Ashenzari [*.....]
Gold:   373        SH:  6    Dex: 15    Spells: 9/9 levels left

rFire   . . .      SeeInvis .   C - +4 flail (freeze)
rCold   . . .      Faith    .   c - +0 buckler of Ashenzari's Sorrow {Self, Fort} (curse)
rNeg    + . .      Spirit   .   b - +0 scale mail
rPois   ∞          Reflect  .   (no helmet)
rElec   +          Harm     .   o - +0 cloak
rCorr   .          Rampage  .   s - +0 pair of gloves
Will    .....                   (no boots)
Stlth   ..........              (no amulet)
HPRegen 0.21/turn               e - +6 ring of intelligence
MPRegen 0.12/turn               n - ring of the Restrained Sage {Dex+6, Melee, Self} (curse)

@: on berserk cooldown
A: sickness immunity, AC +7, negative energy resistance 1, electricity
resistance, torment resistance 1, petrification resistance
a: Renounce Religion, Curse Item, Shatter the Chains


You were on level 8 of the Dungeon.
You worshipped Ashenzari.
Ashenzari was aware of your devotion.
You visited 1 branch of the dungeon, and saw 8 of its levels.

You collected 373 gold pieces.

Inventory:

Hand Weapons
 C - a +4 flail of freezing (weapon)
Armour
 b - a +0 scale mail (worn)
 c - the cursed +0 buckler of Ashenzari's Sorrow (worn) {Self, Fort}

   It has a curse which improves the following skills: Introspection: Fighting
   and Spellcasting.
   Fortitude: Armour and Shields.
 o - a +0 cloak (worn)
 s - a +0 pair of gloves (worn)
Jewellery
 e - a +6 ring of intelligence (left hand)
 m - a ring of wizardry
 n - the cursed ring of the Restrained Sage (right hand) {Dex+6, Melee, Self}
   (You found it on level 3 of the Dungeon)

   [ring of dexterity]

   Dex:       It affects your dexterity (+6).
   It has a curse which improves the following skills: Melee Combat: Short
   Blades, Long Blades, Axes, Maces & Flails, Polearms, Staves and Unarmed
   Combat.
   Introspection: Fighting and Spellcasting.
 v - a ring of wizardry
 y - a +6 ring of strength
Wands
 r - a wand of mindburst (7)
 x - a wand of digging (8)
Scrolls
 g - 4 scrolls of fear
 h - 9 scrolls of identify
 j - 2 scrolls of teleportation
 l - 2 scrolls of enchant weapon
 t - 2 scrolls of magic mapping
 z - a scroll of amnesia
 B - a scroll of enchant armour
Potions
 d - 3 potions of might
 i - 2 potions of resistance
 q - a potion of lignification
 u - a potion of brilliance
 A - 2 potions of haste


   Skills:
 + Level 8.9(10.2) Fighting
 + Level 7.8(8.7) Maces & Flails
 + Level 8.9(9.8) Armour
 + Level 8.9(9.8) Shields


You had 9 spell levels left.
You didn't know any spells.
Your spell library contained the following spells:

 Spells                   Type           Power      Damage    Failure   Level
 Shock                    Conj/Air       0%         1d3       54%         1
 Sting                    Tmut/Pois      0%         1d3       54%         1
 Ensorcelled Hibernation  Hex/Ice        0%         N/A       69%         2
 Ozocubu's Armour         Ice            0%         N/A       89%         3
 Spider Form              Tmut/Pois      0%         N/A       89%         3
 Swiftness                Air            0%         N/A       89%         3
 Airstrike                Air            0%         N/A       100%        4
 Anguish                  Hex/Necr       0%         N/A       100%        4
 Metabolic Englaciation   Hex/Ice        0%         N/A       100%        5
 Simulacrum               Ice/Necr       0%         N/A       100%        6
 Ozocubu's Refrigeration  Ice            0%         4d5       100%        7


Dungeon Overview and Level Annotations

Branches:
Dungeon (8/15)             Temple (0/1) D:4            Lair (0/6) D:8

Altars:
Ashenzari
Cheibriados
Sif Muna
Yredelemnul
Beogh


Innate Abilities, Weirdness & Mutations

You are immune to sickness and miasma.
Your stone body is resilient. (AC +7)
You are immune to poison.
You resist negative energy. (rN+)
You are resistant to electric shocks. (rElec)
You are resistant to unholy torment.
You are immune to petrification.


Message History

You closely miss the orc. The orc hits you but does no damage.
You hit the orc but do no damage. The orc hits you but does no damage. x2
You hit the orc. You freeze the orc.
The orc is heavily wounded.
The orc hits you with a +0 hand axe.
* * * LOW HITPOINT WARNING * * *
You hit the orc. You freeze the orc.
The orc is almost dead.
The orc hits you but does no damage.
You hit the orc. You freeze the orc.
You kill the orc!
The orc hits you but does no damage.
You barely miss the orc. The orc closely misses you.
The orc hits you but does no damage.
You hit the orc. You freeze the orc.
You kill the orc!
You hit the orc. You freeze the orc.
You kill the orc!
You hit the orc. You freeze the orc.
You kill the orc!
The orc priest invokes the aid of Beogh against you.
Beogh smites you!
* * * LOW HITPOINT WARNING * * *
The orc hits you but does no damage.
You sock the orc! You freeze the orc.
You kill the orc!
The orc throws a boomerang.
You block the boomerang.
Okay, then.
Okay, then.
Okay, then.
As you read the scroll of fog, it crumbles to dust.
The scroll dissolves into smoke.
The orc throws a boomerang.
The boomerang barely misses you.
The orc throws a boomerang.
The boomerang completely misses you. The orc attacks as you move away!
The orc barely misses you.
You feel yourself speed up.
The orc throws a boomerang.
You block the boomerang.
The orc priest mumbles some strange prayers to Beogh against you.
Beogh smites you!
You die... ##### #oo.# #§#.# # #§#ooo # ##o#ooooo

# #####o§#ooooo# #
.#######..§.§§#oooo.# ##
..........o.§§#ooo..# #.
.........@..§§####### ###.
....................###...
######..###........#...#. #.##
#..........###. #.#
#.............. #.#
#.........###.. ###########.#
#........###...
#...........########..(.......
#.........................####


You could see an orc priest and 2 orcs.

Vanquished Creatures
  Pikel (D:4)
  Maggie (D:7)
  An unseen horror (D:7)
  Grinder (D:5)
  Prince Ribbit (D:8)
  Sigmund (D:5)
  Menkaure (D:5)
  4 orc warriors
  2 water moccasins
  2 black bears
  A sky beast (D:7)
  An ogre (D:8)
  2 centaurs
  2 phantoms
  A kobold brigand (D:8)
  2 bullfrogs
  A necrophage (D:6)
  2 scorpions
  9 wights
  A jelly (D:5)
  3 hounds
  3 orc priests
  2 gnoll shamans
  An iron imp (D:4)
  Jessica (D:2)
  4 orc wizards
  6 iguanas
  Natasha (D:2)
  10 gnolls
  5 adders
  A white imp (D:8)
  4 worms
  The ghost of flt the Sneak, a weakling TeDe (D:6)
  2 dart slugs
  30 orcs
  7 endoplasms
  2 giant cockroaches
  4 goblins
  11 hobgoblins
  18 jackals
  3 quokkas
  8 ball pythons
  A bat (D:2)
  3 frilled lizards
  7 kobolds
  8 rats
183 creatures vanquished.

Vanquished Creatures (others)
  A fungus (D:2)
  8 plants
9 creatures vanquished.

Grand Total: 192 creatures vanquished

Notes
Turn   | Place    | Note
-------+----------+-------------------------------------------
     0 | D:1      | Dabor the Gargoyle Fighter began the quest for the Orb.
     0 | D:1      | Reached XP level 1. HP: 14/14 MP: 1/1
   112 | D:1      | Reached XP level 2. HP: 18/19 MP: 2/2
   908 | D:1      | Reached XP level 3. HP: 23/23 MP: 3/3
  1412 | D:2      | Reached XP level 4. HP: 27/29 MP: 4/4
  1454 | D:2      | Found a faded altar of an unknown god.
  1463 | D:2      | Got Plato's Almanac of Intoxication
  1465 | D:2      | Noticed Jessica
  1470 | D:2      | Killed Jessica
  1477 | D:2      | Prayed at the altar of an unknown god.
  1477 | D:2      | Became a worshipper of Ashenzari the Shackled
  1725 | D:2      | Found a basalt altar of Yredelemnul.
  2043 | D:2      | Noticed Natasha
  2063 | D:2      | Killed Natasha
  2064 | D:2      | Reached XP level 5. HP: 18/33 MP: 5/5
  2325 | D:3      | Found a broken altar of Ashenzari.
  2340 | D:3      | Found a basalt altar of Yredelemnul.
  3118 | D:4      | Reached XP level 6. HP: 40/40 MP: 6/6
  3119 | D:4      | Noticed a black bear
  3131 | D:4      | Killed a black bear
  3139 | D:4      | Found a snail-covered altar of Cheibriados.
  3267 | D:4      | Reached skill level 5 in Fighting
  3267 | D:4      | Reached skill level 5 in Armour
  3302 | D:4      | Reached skill level 5 in Shields
  3302 | D:4      | Reached XP level 7. HP: 44/44 MP: 7/7
  3382 | D:4      | Identified the +3 robe of Wogu {rC+ Str+3}
  3403 | D:4      | Noticed Pikel
  3425 | D:4      | Killed Pikel
  3426 | D:4      | Reached XP level 8. HP: 47/52 MP: 8/8
  3661 | D:4      | Found a shimmering blue altar of Sif Muna.
  3679 | D:4      | Found a staircase to the Ecumenical Temple.
  3887 | D:4      | Reached * piety under Ashenzari
  4024 | D:5      | Entered Level 5 of the Dungeon
  4129 | D:5      | Reached skill level 5 in Maces & Flails
  4330 | D:5      | Noticed Sigmund
  4340 | D:5      | Killed Sigmund
  4395 | D:5      | Noticed Menkaure
  4401 | D:5      | Killed Menkaure
  4663 | D:5      | Reached XP level 9. HP: 47/60 MP: 9/9
  4772 | D:5      | Noticed Grinder
  4780 | D:5      | Paralysed by something for 3 turns
  4784 | D:5      | Killed Grinder
  4977 | D:5      | Identified Sif Muna's Collected Works on Moulding
  4977 | D:5      | Identified Sif Muna's Grimoire of Conjuration
  4977 | D:5      | Identified Sif Muna's Grimoire of Lightness
  5037 | D:6      | Found a runed translucent gate.
  5037 | D:6      | Found a runed translucent gate.
  5037 | D:6      | Found a runed translucent gate.
  5038 | D:6      | Noticed flt's ghost (weakling TeDe)
  5050 | D:6      | Killed flt's ghost
  5699 | D:7      | Killed an unseen horror
  6047 | D:7      | Noticed Maggie
  6056 | D:7      | Killed Maggie
  6158 | D:7      | Reached XP level 10. HP: 66/66 MP: 10/10
  6599 | D:8      | Found a staircase to the Lair.
  7099 | D:8      | Noticed Prince Ribbit
  7144 | D:8      | Killed Prince Ribbit
  7538 | D:8      | Killed from afar by an orc priest

Illustrated notes

Levels and vault maps discovered:
D:1:      dpeg_arrival_short_road, layout_basic, columned_hall_lemuel,
          corner_web_ring
D:2:      layout_rooms, basic_altar, shapermc_ecumenical_altar_rom_forum,
          uniq_jessica, uniq_natasha
D:3:      layout_basic, mainiacjoe_overflow_large_starburst, st_stairs_13
D:4:      layout_rooms, slow_altar_1, nicolae_sif_muna_little_library,
          minmay_temple_entry_junction, serial_bayou, serial_bayou_pond_a,
          serial_bayou_pond_a, serial_bayou_pond_e, serial_bayou_lagoon_b,
          serial_bayou_lake_a, uniq_pikel
D:5:      layout_gridville, nrook_loot_triangle, uniq_sigmund, uniq_grinder,
          uniq_menkaure
D:6:      layout_rooms, ebering_ghost_rock_garden
D:7:      layout_cave_pods, chequers_hall_statues_wall_a, uniq_maggie
D:8:      layout_rooms, lair_entry_dummy, special_room [special_room_orc],
          minmay_crystal_room, uniq_prince_ribbit1

Skill      XL: |  1  2  3  4  5  6  7  8  9 |
---------------+----------------------------+-----
Fighting       | 4 5 6 8 |  8.9
Armour         | 4 5 7 8 |  8.9
Shields        | 4 5 7 8 |  8.9
Maces & Flails | 3 4 5 7 |  7.8

Action                   |  1- 3 |  4- 6 |  7- 9 | 10-12 || total
-------------------------+-------+-------+-------+-------++-------
Melee: Flail             |   119 |   175 |   198 |   134 ||   626
Invok: Curse Item        |       |     1 |     1 |       ||     2
Evoke: Wand              |       |       |    14 |     3 ||    17
  Use: Scroll            |     1 |       |       |     2 ||     3
       Potion            |       |     1 |       |     3 ||     4
Armor: Scale mail        |    94 |   122 |   119 |    79 ||   414
Dodge: Dodged            |    68 |    53 |    85 |    73 ||   279
Block: Buckler           |    28 |    34 |    61 |    53 ||   176

Table legend: (Time is in decaauts)
 A = Elapsed time spent in this place.
 B = Non-inter-level travel time spent in this place.
 C = Inter-level travel time spent in this place.
 D = Time resting spent in this place.
 E = Time spent auto-exploring this place.
 F = Levels seen in this place.
 G = Mean time per level.
                   A        B        C        D        E       F      G
               +--------+--------+--------+--------+--------+-----+--------+
         Total |   7717 |   7500 |    217 |    210 |   5690 |   8 |  964.6 |
       Dungeon |   7717 |   7500 |    217 |    210 |   5690 |   8 |  964.6 |
               +--------+--------+--------+--------+--------+-----+--------+

Top non-repeatable levels by time:
     D:1: 1242 daAuts
     D:7: 1209 daAuts
     D:2: 1128 daAuts
     D:4: 1000 daAuts
     D:5: 987 daAuts
     D:3: 809 daAuts
     D:6: 686 daAuts
     D:8: 654 daAuts
